 Dungeon Crawl Stone Soup version 0.15.1-4-gac8487e (webtiles) character file.

672988 Kex the Minotaur Porcupine (level 27, -5/269 (273) HPs)
             Began as a Minotaur Fighter on Oct 12, 2014.
             Was the Champion of Cheibriados.
             Killed from afar by an ancient lich (63 damage)
             ... with a crystal spear
             ... led by Umushoqi
             ... on Level 13 of the Dungeon on Oct 13, 2014.
             The game lasted 05:30:21 (73089 turns).

Kex the Minotaur Porcupine (Minotaur Fighter)      Turns: 73089, Time: 05:30:21

HP  -5/269 (273) AC 40     Str 45      XL: 27
MP  35/35        EV 36     Int 24      God: Cheibriados [******]
Gold 3000        SH 23     Dex 28      Spells:  2 memorised, 22 levels left

rFire  + + .     SeeInvis +     X - +9 demon trident (elec)
rCold  + + +     Clarity  .     r - +4 gold dragon armour
rNeg   + . .     rCorr    .     b - +1 shield {AC+3}
rPois  +         rRot     .     y - +2 hat of the Assorted Wonders {rPois MR+ Int+2}
rElec  .         Spirit   .     V - +0 cloak of Oneigy {rC+}
SustAb .         Warding  .     P - +0 pair of gloves "Jilil" {Dex+1 Int+2}
rMut   .         Stasis   +     O - +0 pair of boots
Gourm  .                        l - amulet "Kuosylam" {Stasis rF+ rC+}
MR     +++..                    m - ring of Shadows {Umbra +Inv rN+ SInv}
                                I - ring of Shaolin {EV+8}

@: corroded equipment, wreathed by umbra, drained, very slow, extremely
resistant to hostile enchantments, extremely unstealthy
A: retaliatory headbutt, horns 2, iridescent scales 1, molten scales 1, clumsy
1, high mp 1, sense surroundings 1, shaggy fur 1, slow healing 1
a: Bend Time, Temporal Distortion, Slouch, Step From Time, Renounce Religion,
Evoke Invisibility
0: Orb of Zot
}: 3/15 runes: decaying, serpentine, silver


You were on level 13 of the Dungeon.
You worshipped Cheibriados.
Cheibriados was exalted by your worship.
You were completely stuffed.

You visited 14 branches of the dungeon, and saw 65 of its levels.
You also visited: Labyrinth and Volcano.

You collected 9010 gold pieces.
You spent 6010 gold pieces at shops.

Inventory:

Hand weapons
 Q - the +13 sword of the Doom Knight {pain, -Cast MR+}
   (You bought it in a shop on level 5 of the Depths)

   In the hands of one skilled in necromantic magic, it inflicts extra damage on
   living creatures.
   It affects your resistance to hostile enchantments.
   It prevents spellcasting.
 X - a +9 demon trident of electrocution (weapon)
Armour
 b - a +1 shield of protection (worn)
 r - a +4 gold dragon armour (worn)
 y - the +2 hat of the Assorted Wonders (worn) {rPois MR+ Int+2}
   (You acquired it on level 9 of the Dungeon)

   It affects your intelligence (+2).
   It protects you from poison.
   It affects your resistance to hostile enchantments.
 C - the +12 plate armour of the Maze {rN+}
   (You took it off a deep elf high priest on level 3 of the Elven Halls)

   It protects you from negative energy.
 O - a +0 pair of boots (worn)
 P - the +0 pair of gloves "Jilil" (worn) {Dex+1 Int+2}
   (You acquired it on level 3 of the Realm of Zot)

   It affects your intelligence (+2).
   It affects your dexterity (+1).
 V - the +0 cloak of Oneigy (worn) {rC+}
   (You found it on level 3 of the Elven Halls)

   It protects you from cold.
Magical devices
 f - a wand of digging (2)
 q - a wand of teleportation (6)
 A - a wand of disintegration (7)
 W - a wand of flame (11)
Comestibles
 a - 13 royal jellies
 c - 3 beef jerkies
 d - 26 bread rations
 k - 27 meat rations
Scrolls
 g - 4 scrolls of fear
 i - 2 scrolls of enchant weapon
 j - 21 scrolls of remove curse
 n - 21 scrolls of teleportation
 u - 8 scrolls of recharging
 x - 13 scrolls of blinking
 z - 9 scrolls of fog
 M - 4 scrolls of holy word
 N - 2 scrolls of summoning
 R - 7 scrolls of identify
 U - 3 scrolls of magic mapping
 Y - 3 scrolls of silence
Jewellery
 l - the amulet "Kuosylam" (around neck) {Stasis rF+ rC+}
   (You bought it in a shop on level 4 of the Orcish Mines)

   [amulet of stasis]

   It prevents you from being teleported, slowed, hasted or paralysed.
   It protects you from fire.
   It protects you from cold.
 m - the ring of Shadows (right hand) {Umbra +Inv rN+ SInv}
   (You bought it in a shop on level 4 of the Orcish Mines)

   [ring of invisibility]

   It protects you from negative energy.
   It enhances your eyesight.
   It lets you turn invisible.
 o - an uncursed ring of protection from fire
 I - the ring of Shaolin (left hand) {EV+8}
   (You took it off a deep elf demonologist on level 3 of the Elven Halls)

   [ring of evasion]

   It affects your evasion (+8).
 J - an uncursed ring of flight
 T - an uncursed amulet of resist mutation
Potions
 h - a potion of agility
 t - a potion of might
 D - a potion of porridge
 G - 4 potions of flight
 H - a potion of invisibility
 K - 5 potions of restore abilities
 L - 10 potions of curing
Miscellaneous
 e - a stone of tremors
 s - the horn of Geryon
 B - a lamp of fire
 E - a disc of storms
 S - a fan of gales
 Z - a phial of floods


   Skills:
 O Level 27(26.6) Fighting
 + Level 3.5(3.3) Long Blades
 O Level 27(26.6) Polearms
 + Level 23.5(23.2) Armour
 * Level 19.3(18.9) Dodging
 - Level 0.1(0.0) Stealth
 O Level 27(26.6) Shields
 + Level 10.0(9.7) Invocations
 + Level 2.8(2.6) Evocations


You had 22 spell levels left.
You knew the following spells:

 Your Spells              Type           Power        Failure   Level  Hunger
a - Blink                 Tloc           N/A          87%         2    ###....
b - Shroud of Golubria    Chrm/Tloc      #.........   87%         2    ###....


Dungeon Overview and Level Annotations

Branches:
Dungeon (15/15)            Temple (1/1) D:7             Orc (4/4) D:12
    Elf (3/3) Orc:4          Lair (7/8) D:8           Swamp (5/5) Lair:5
  Snake (5/5) Lair:3        Slime (6/6) Lair:7       Vaults (5/5) D:14
  Crypt (2/3) Vaults:2     Depths (5/5) D:15           Hell (1/1)
    Dis (0/7) Hell            Geh (0/7) Hell            Coc (1/7) Hell
    Tar (0/7) Hell            Zot (5/5) Depths:5

Altars:
Ashenzari
Cheibriados
Dithmenos
Elyvilon
Fedhas
Kikubaaqudgha
Makhleb
Nemelex Xobeh
Okawaru
Qazlal
Sif Muna
Trog
Vehumet
Xom
Yredelemnul
Zin
The Shining One
Beogh
Jiyva
Lugonu

Shops:
Orc:4 [(==   Elf:1 %   Elf:3 (   Snake:1 %   Vaults:2 %   Vaults:3 [*
Vaults:5 ??!   Depths:1 :}   Depths:5 (

Portals:
Hell: Depths:1 Depths:2 Depths:3 Depths:4 Depths:5
Abyss: Depths:4
Pandemonium: Depths:1 Depths:3 Depths:4 Depths:5
Ziggurat: Depths:3 Depths:5

Annotations:
Slime:6 Royal Jelly
Crypt:1 exclusion: curse skull
Crypt:2 exclusion: curse skull, Frederick


Innate Abilities, Weirdness & Mutations

You reflexively headbutt those who attack you in melee.
You have a pair of horns on your head.
You are partially covered in iridescent scales (AC +4).
You are partially covered in molten scales (AC +1).
You are clumsy. (Dex -2)
You have an increased reservoir of magic (+10% MP).
You passively map a small area around you.
You are covered in fur (AC +1).
You heal slowly when monsters are visible.


Message History

You headbutt the ancient lich!
The ancient lich is lightly damaged.
You puncture the ancient lich!
The ancient lich is moderately damaged.
You hit the ancient lich but do no damage.
You headbutt the ancient lich, but do no damage.
The ancient lich is moderately damaged.
The ancient lich completely misses you.
You closely miss the ancient lich.
You headbutt the ancient lich, but do no damage.
The ancient lich is moderately damaged.
You block the ancient lich's attack.
You puncture the ancient lich!
You headbutt the ancient lich, but do no damage.
The ancient lich is moderately damaged.
Your gold dragon armour prevents you from hitting the ancient lich.
The ancient lich is moderately damaged.
The ancient lich casts a spell at you. The crystal spear hits you!
You die...

######### ###..<....#
#.......#.#
#.#.###.#.######
#.#.##.........###
#.#.....#.#.&....#
#.#..##.#.#L##.#.########
#.........#@##.#.#....(.#
#.......###§##......###.#
##.###### #§####.#..###.#
#.# #......#....#.# #.#
###########.##.#.# #.#
#.....# #.##.#.# #.#
#.....# #......# ##.#
#.....# ####.### #..#
#.....# #.#


You could see Umushoqi (wandering) and an ancient lich (invisible).

Vanquished Creatures
  3 pandemonium lords
  5 orbs of fire
  Mara (twice) (Crypt:2)
  7 ancient liches
  Saint Roka (Elf:2)
  Boris (Depths:3)
  A curse toe (Zot:2)
  the Lernaean hydra (Swamp:5)
  Margery (Depths:5)
  3 Killer Klowns
  Geryon (Hell)
  9 golden dragons
  An electric golem (Zot:5)
  the Enchantress (Depths:5)
  Nikola (Elf:2)
  A Brimstone Fiend (D:14)
  Asterion (Snake:5)
  3 liches
  The ghost of CrazyArbalest the Halfling Catapult, a mighty HaFi of Makhleb (Depths:3)
  3 Ice Fiends
  Vashnia (Snake:3)
  29 Orb Guardians
  The ghost of Alarkh the Brawler, a mighty CeTm of Okawaru (Elf:3)
  Murray (Hell)
  25 tentacled monstrosities
  2 titans (Vaults:5)
  2 deep elf blademasters (Elf:3)
  2 quicksilver dragons
  3 deep elf master archers (Elf:3)
  2 octopode crushers
  2 sphinxes (Vaults:5)
  11 acid blobs
  16 storm dragons
  Agnes (Elf:2)
  4 tengu reavers
  Kirke (Snake:3)
  2 Executioners
  7 shadow dragons
  7 draconian monks
  Roxanne (Snake:2)
  10 deep elf sorcerers
  5 azure jellies
  7 greater nagas
  2 iron dragons
  4 draconian scorchers
  7 fire giants
  4 ghost moths
  6 emperor scorpions
  8 draconian knights
  Aizul (Snake:3)
  Louise (Swamp:5)
  15 vault wardens
  3 ghouls (Crypt:2)
  2 balrugs
  9 frost giants
  An orc warlord (Orc:4)
  5 draconian zealots
  3 reapers
  2 cacodemons
  17 very ugly things
  5 draconian annihilators
  3 spriggan defenders (Depths:5)
  7 deep elf demonologists
  2 draconian shifters
  4 war gargoyles
  A salamander firebrand (Hell)
  8 green draconians
  3 draconian callers
  A grey draconian (Zot:5)
  2 vampire knights
  13 stone giants
  13 deep elf annihilators
  Azrael (Elf:3)
  4 red draconians
  7 white draconians
  3 dire elephants
  2 lorocyprocas
  5 black draconians
  15 yellow draconians
  9 pale draconians
  11 mottled draconians
  5 purple draconians
  2 blizzard demons
  5 deep elf death magi (Elf:3)
  24 yaktaur captains
  A very ugly thing zombie (Vaults:5)
  5 minotaurs
  28 vault guards
  2 green deaths
  8 deep elf high priests
  12 fire dragons
  11 great orbs of eyes
  7 ettins
  13 ironheart preservers
  17 naga warriors
  9 death cobs
  2 spriggan air magi
  10 centaur warriors
  A ravenous feature mimic (Depths:3)
  22 ice dragons
  A shambling mangrove (Swamp:3)
  14 ravenous item mimics (Snake:5)
  Erica (Lair:2)
  15 ogre magi
  9 anacondas
  13 deep troll earth magi
  20 hydras
  6 alligators
  14 death yaks
  4 tengu warriors
  4 large abominations
  An orc high priest (Orc:4)
  A vampire mage (Vaults:2)
  16 naga sharpshooters
  7 deep troll shamans
  9 sun demons
  5 spriggan berserkers
  3 hell hogs
  7 shock serpents
  Nergalle (D:12)
  A storm dragon zombie (Crypt:1)
  3 fire crabs
  24 deep elf knights
  2 death drakes
  6 shadow wraiths
  27 skeletal warriors
  4 ice devils
  3 iron trolls
  A salamander mystic (Snake:4)
  6 soul eaters
  44 deep trolls
  A ghost moth zombie (Hell)
  14 hell knights
  15 swamp dragons
  4 unseen horrors
  A sea snake (shapeshifter) (Vaults:4)
  A shadow demon (Zot:4)
  3 anaconda zombies (Hell)
  3 flayed ghosts
  10 naga ritualists
  A lindwurm (Zot:2)
  A hill giant (shapeshifter) (Vaults:4)
  5 sea snakes (Snake:4)
  4 ice statues (Depths:4)
  A giant orange brain (Depths:4)
  4 harpies (Vaults:5)
  12 deep elf summoners
  5 wizards
  11 necromancers
  An ugly thing zombie (Vaults:5)
  17 deep elf conjurers
  15 ironbrand convokers
  3 wolf spiders
  2 anaconda skeletons
  A water nymph (shapeshifter) (Vaults:5)
  5 griffons
  19 moths of wrath
  10 orc knights
  7 hill giants
  12 mana vipers
  A hellion (Elf:3)
  A shadow dragon skeleton (Vaults:3)
  A lindwurm (shapeshifter) (Elf:1)
  3 stone giant zombies
  5 sixfirhies
  44 ugly things
  3 manticores
  A shining eye (shapeshifter) (Vaults:5)
  8 phantasmal warriors
  4 cyclopes
  A draconian (shapeshifter) (Vaults:1)
  12 salamanders
  A frost giant skeleton (Vaults:5)
  3 red wasps
  3 shining eyes
  13 hell beasts (Hell)
  5 orc sorcerers
  6 elephants
  A shock serpent zombie (Crypt:1)
  A salamander (shapeshifter) (Depths:1)
  5 guardian serpents
  A toenail golem (Zot:5)
  3 molten gargoyles (Hell)
  A titan simulacrum (Coc:1)
  19 vault sentinels
  33 black mambas
  A tormentor (Depths:3)
  2 torpor snails
  An orange demon (Zot:5)
  6 item mimics
  Psyche (D:8)
  6 gargoyles
  18 naga magi
  19 spiny frogs
  A yellow draconian zombie (Crypt:2)
  3 demonic crawlers (Vaults:4)
  3 smoke demons
  A grey draconian zombie (Zot:5)
  5 eyes of devastation
  A kobold demonologist (Vaults:2)
  52 yaktaurs
  A yaktaur zombie (Vaults:5)
  A mottled draconian zombie (Zot:2)
  9 komodo dragons
  3 tengu conjurers
  5 small abominations
  3 spriggan druids
  3 hellwings
  9 blue devils
  5 hydra zombies
  A wandering mushroom (Lab)
  17 deep elf priests
  4 fire drakes
  5 freezing wraiths
  A queen bee (Lair:2)
  A jumping spider (Elf:3)
  3 polar bears (shapeshifter)
  A red devil (Hell)
  2 wind drakes (Zot:2)
  17 two-headed ogres
  9 trolls
  A harpy zombie (Hell)
  A mana viper skeleton (Crypt:2)
  2 baby alligators (shapeshifter)
  2 hydra skeletons
  A minotaur skeleton (Lab)
  2 alligator zombies
  10 giant leeches
  2 fire dragon zombies (Hell)
  A raven (shapeshifter) (Depths:3)
  99 slime creatures
  3 baby alligators (Swamp:1)
  7 boulder beetles
  3 bog bodies
  11 ravens
  A griffon zombie (D:15)
  3 flying skulls
  22 deep elf magi
  27 blink frogs
  A shadow (Swamp:5)
  An ice dragon skeleton (Hell)
  A red wasp zombie (Swamp:2)
  A basilisk (Lair:7)
  A basilisk (shapeshifter) (Elf:2)
  8 wraiths
  A tarantella (Elf:2)
  A hill giant zombie (D:12)
  19 humans (D:14)
  8 redbacks
  8 water elementals
  2 wyverns
  An ettin skeleton (Vaults:1)
  6 vampires
  5 steam dragons
  3 hungry ghosts
  28 yaks
  3 fire bats (Lair:4)
  11 spriggans
  A ynoxinul (Depths:4)
  2 fire giant simulacra
  A giant leech zombie (Swamp:2)
  2 hogs (Snake:3)
  Eustachio (D:8)
  36 vampire mosquitoes
  2 trapdoor spiders (D:14)
  A chaos spawn (Depths:5)
  21 golden eyes
  8 fire elementals
  A neqoxec (Zot:5)
  26 deep elf fighters
  The ghost of Kae the Sneak, an average SpEn (D:4)
  10 hippogriffs
  A wind drake skeleton (Crypt:1)
  2 deep troll zombies (Vaults:5)
  A soldier ant (shapeshifter) (Depths:3)
  A soldier ant (D:12)
  13 wolves (Lair:6)
  75 nagas
  2 wargs
  29 swamp worms
  A hydra simulacrum (Coc:1)
  A spiny frog zombie (Coc:1)
  38 water moccasins
  13 hell hounds
  A spiny frog skeleton (Hell)
  9 porcupines
  23 swamp drakes
  51 orc warriors
  5 sky beasts
  8 human skeletons
  A mottled dragon (D:11)
  A water nymph skeleton (Crypt:1)
  27 ice beasts
  2 manticore zombies
  7 yellow wasps
  3 phantoms
  An ettin simulacrum (Vaults:2)
  4 black bears
  3 necrophages
  A black bear (shapeshifter) (D:15)
  55 ogres
  8 centaurs
  14 boggarts
  A snapping turtle skeleton (Crypt:1)
  2 boring beetles (D:8)
  12 crocodiles
  Blork the orc (D:7)
  20 giant frogs
  A wyvern zombie (D:7)
  A dryad skeleton (Crypt:1)
  5 insubstantial wisps (Swamp:2)
  4 scorpions
  6 eyes of draining
  A cyclops skeleton (D:15)
  13 wights
  A water moccasin zombie (Swamp:2)
  2 boulder beetle zombies
  20 killer bees
  An eye of draining (shapeshifter) (Elf:1)
  34 jellies
  An electric eel (Zot:2)
  14 crimson imps
  2 goliath beetles
  9 hounds
  4 quasits
  A centaur skeleton (Crypt:2)
  8 human zombies
  26 orc priests
  3 iron imps
  A demonspawn skeleton (Crypt:1)
  A black bear skeleton (Crypt:1)
  A human simulacrum (Vaults:3)
  7 orange rats
  11 worker ants
  9 iguanas
  38 orc wizards
  14 sheep
  A crocodile zombie (Swamp:2)
  Ijyb (D:6)
  A naga skeleton (Hell)
  2 mummies (Volcano)
  45 green rats
  16 adders
  2 giant mites
  A worm (D:2)
  9 white imps
  6 shadow imps
  4 ufetubi
  An adder skeleton (D:9)
  An orc zombie (Orc:4)
  A sheep zombie (D:14)
  10 giant geckos
  An ooze (D:3)
  201 orcs
  10 bats
  2 giant cockroaches
  25 goblins
  17 hobgoblins
  7 jackals
  8 quokkas
  A ball python (D:3)
  6 giant newts
  2 giant spores
  A hobgoblin zombie (D:9)
  19 kobolds
  An orc skeleton (D:4)
  17 rats
  A spectral orc (D:12)
  7 ballistomycetes
  7 crawling corpses
  A fungus (Elf:2)
  14 plants
2986 creatures vanquished.

Vanquished Creatures (collateral kills)
  A Killer Klown (Zot:5)
  2 electric golems (Zot:5)
  A deep elf death mage (Elf:3)
  A blue devil (Zot:5)
5 creatures vanquished.

Vanquished Creatures (others)
  A deep elf master archer (Elf:3)
  A shadow dragon (Zot:5)
  A draconian scorcher (Zot:5)
  A deep elf sorcerer (Elf:3)
  A draconian knight (Zot:2)
  A deep elf annihilator (Elf:3)
  A death cob (Zot:5)
  A deep elf high priest (Elf:3)
  A deep troll (Depths:2)
  A deep elf summoner (Elf:3)
  A shadow wraith (Vaults:4)
  10 slime creatures
  An iron devil (Depths:4)
  A raven (Depths:3)
  2 deep elf magi
  3 humans (Snake:3)
  3 deep elf fighters (Elf:3)
  A human zombie (Depths:1)
  2 ice beasts (Depths:4)
  An ogre (Depths:2)
  6 boggarts (Depths:2)
  4 lost souls
  An eye of draining (Slime:6)
  A snapping turtle simulacrum (Hell)
  A jelly (Slime:6)
  2 orange rats (Elf:3)
  An orc (D:3)
  A giant spore (D:10)
  A fungus (Lair:6)
  2 plants
55 creatures vanquished.

Grand Total: 3046 creatures vanquished

Notes
Turn   | Place    | Note
--------------------------------------------------------------
     0 | D:1      | Kex, the Minotaur Fighter, began the quest for the Orb.
     0 | D:1      | Reached XP level 1. HP: 19/19 MP: 1/1
   270 | D:1      | Reached XP level 2. HP: 21/27 MP: 1/1
   465 | D:1      | Reached skill level 4 in Shields
   828 | D:2      | Reached XP level 3. HP: 14/33 MP: 2/2
  1731 | D:3      | Reached skill level 1 in Dodging
  1731 | D:3      | Reached XP level 4. HP: 13/41 MP: 2/2
  2262 | D:3      | Reached XP level 5. HP: 47/47 MP: 2/2
  2522 | D:3      | Found a stormy altar of Qazlal.
  2786 | D:4      | Reached skill level 5 in Armour
  2868 | D:4      | Reached skill level 5 in Shields
  3041 | D:4      | Reached XP level 6. HP: 50/55 MP: 3/3
  3104 | D:4      | Noticed Kae's ghost (average SpEn)
  3131 | D:4      | Killed Kae's ghost
  3131 | D:4      | Reached skill level 5 in Fighting
  3450 | D:4      | Found a stormy altar of Qazlal.
  3453 | D:4      | Found a shadowy altar of Dithmenos.
  3453 | D:4      | Found a white marble altar of Elyvilon.
  3467 | D:4      | Found an iron altar of Okawaru.
  3471 | D:4      | Found a deep blue altar of Sif Muna.
  3663 | D:4      | Reached XP level 7. HP: 47/61 MP: 3/3
  4151 | D:5      | Entered Level 5 of the Dungeon
  4176 | D:5      | Reached skill level 5 in Polearms
  4861 | D:5      | Reached skill level 6 in Armour
  5404 | D:6      | Noticed Ijyb
  5419 | D:6      | Killed Ijyb
  5682 | D:5      | Gained mutation: You can breathe flames. [potion of mutation]
  5682 | D:5      | Gained mutation: Armour fits poorly on your strangely shaped body. [potion of mutation]
  5682 | D:5      | Gained mutation: Space occasionally distorts in your vicinity. [potion of mutation]
  5683 | D:5      | Gained mutation: You possess an exceptional clarity of mind. [potion of mutation]
  5688 | D:5      | Gained mutation: Your natural rate of healing is unusually fast. [potion of beneficial mutation]
  5818 | D:6      | Reached XP level 8. HP: 65/70 MP: 3/3
  6174 | D:6      | Lost mutation: You possess an exceptional clarity of mind. [potion of cure mutation]
  6174 | D:6      | Lost mutation: Armour fits poorly on your strangely shaped body. [potion of cure mutation]
  6174 | D:6      | Lost mutation: You can breathe flames. [potion of cure mutation]
  6174 | D:6      | Lost mutation: Space occasionally distorts in your vicinity. [potion of cure mutation]
  6226 | D:7      | Noticed Blork the orc
  6229 | D:7      | Killed Blork the orc
  6267 | D:7      | Reached skill level 7 in Armour
  6554 | D:7      | Found a staircase to the Ecumenical Temple.
  6590 | D:7      | Reached skill level 5 in Dodging
  6590 | D:7      | Reached XP level 9. HP: 43/78 MP: 4/4
  6672 | Temple   | Entered the Ecumenical Temple
  6769 | Temple   | Became a worshipper of Cheibriados the Contemplative
  7029 | D:7      | Reached skill level 8 in Armour
  7654 | D:8      | Noticed Eustachio
  7674 | D:8      | Killed Eustachio
  7707 | D:8      | Found a staircase to the Lair.
  7933 | D:8      | Noticed Psyche
  7942 | D:8      | Killed Psyche
  7942 | D:8      | Reached skill level 9 in Shields
  8148 | D:9      | Reached XP level 10. HP: 88/88 MP: 5/5
  8374 | D:9      | Identified a scroll of acquirement
  8378 | D:9      | Got a smoking hat
  8384 | D:9      | Identified the +2 hat of the Assorted Wonders {rPois MR+ Int+2} (You acquired it on level 9 of the Dungeon)
  8502 | D:9      | Reached skill level 1 in Invocations
  8715 | D:10     | Entered Level 10 of the Dungeon
  9020 | D:10     | Killed an unseen horror
  9020 | D:10     | Reached skill level 1 in Evocations
  9310 | D:10     | Got a pair of shimmering gloves
  9316 | D:10     | Identified the cursed -3 pair of gloves "Potoagar" {Str+3 Dex+5} (You found it on level 10 of the Dungeon)
  9929 | D:11     | Acquired Cheibriados' first power
 10319 | D:11     | Reached XP level 11. HP: 96/99 MP: 6/6
 10327 | D:11     | Reached skill level 10 in Shields
 10337 | D:11     | Reached skill level 10 in Polearms
 10448 | D:11     | Acquired Cheibriados' second power
 10452 | D:11     | Reached skill level 10 in Fighting
 10481 | D:11     | Noticed a hill giant
 10487 | D:10     | Killed a hill giant
 10708 | D:12     | Reached skill level 10 in Armour
 10826 | D:12     | Noticed Nergalle
 10846 | D:12     | Noticed a spectral orc warlord
 10858 | D:12     | Killed Nergalle
 10967 | D:12     | Found an iron altar of Okawaru.
 11009 | D:12     | Killed an unseen horror
 11122 | D:12     | Acquired Cheibriados' third power
 11161 | D:12     | Found a staircase to the Orcish Mines.
 11541 | D:13     | Noticed a centaur warrior
 11548 | D:13     | Killed a centaur warrior
 11548 | D:13     | Reached skill level 11 in Shields
 11599 | D:13     | Found a labyrinth entrance.
 11604 | Lab      | Entered a labyrinth
 15402 | Lab      | Noticed a minotaur
 15412 | Lab      | Killed a minotaur
 15412 | Lab      | Reached XP level 12. HP: 101/108 MP: 9/9
 15424 | Lab      | Got a faintly glowing robe
 15435 | Lab      | Identified the +1 robe "Leilu" {rElec} (You found it in a labyrinth)
 15695 | D:13     | Noticed a hill giant
 15700 | D:13     | Killed a hill giant
 16163 | D:14     | Noticed a centaur warrior
 16168 | D:14     | Killed a centaur warrior
 16534 | D:14     | Reached skill level 12 in Polearms
 17095 | D:14     | Noticed a vault guard
 17103 | D:14     | Noticed a vault guard
 17269 | D:14     | Killed a vault guard
 17299 | D:14     | Reached XP level 13. HP: 109/117 MP: 10/10
 17377 | D:14     | Found a gate to the Vaults.
 17391 | D:14     | Reached skill level 13 in Shields
 17442 | D:14     | Killed a vault guard
 18097 | Lair:1   | Entered Level 1 of the Lair of Beasts
 18979 | Lair:2   | Noticed Erica
 18986 | Lair:2   | Killed Erica
 19840 | Lair:3   | Found a staircase to the Snake Pit.
 19872 | Lair:3   | Reached skill level 14 in Polearms
 20461 | Lair:4   | Found a dark tunnel.
 20492 | Volcano  | Entered a volcano
 21030 | Lair:4   | Reached XP level 14. HP: 106/127 MP: 10/10
 21147 | Lair:4   | Reached skill level 10 in Dodging
 21147 | Lair:4   | Reached XP level 15. HP: 134/134 MP: 11/15
 21893 | Lair:5   | Found a shattered altar of Ashenzari.
 22181 | Lair:5   | Found a staircase to the Swamp.
 22765 | Lair:6   | Reached skill level 15 in Shields
 23250 | Lair:7   | Reached skill level 15 in Polearms
 23386 | Lair:7   | Found a viscous altar of Jiyva.
 23386 | Lair:7   | Found a staircase to the Slime Pits.
 23386 | Lair:7   | Noticed an azure jelly
 23386 | Lair:7   | Noticed an azure jelly
 23392 | Lair:7   | Killed an azure jelly
 23400 | Lair:7   | Killed an azure jelly
 23916 | Snake:1  | Entered Level 1 of the Snake Pit
 24160 | Snake:1  | Found Vecen's Food Boutique.
 24555 | Snake:2  | Noticed Roxanne
 24620 | Snake:2  | Found a bloodstained altar of Trog.
 24904 | Snake:2  | Killed Roxanne
 25029 | Snake:2  | Gained mutation: You are weak. (Str -2) [potion of mutation]
 25029 | Snake:2  | Gained mutation: You are resistant to hostile enchantments. [potion of mutation]
 25029 | Snake:2  | Gained mutation: You are very weak. (Str -4) [potion of mutation]
 25030 | Snake:2  | Gained mutation: You are highly resistant to hostile enchantments. [potion of mutation]
 25030 | Snake:2  | Lost mutation: You are very weak. (Str -4) [potion of mutation]
 25030 | Snake:2  | Gained mutation: You evolve. [potion of mutation]
 25132 | Snake:2  | Reached skill level 16 in Shields
 25532 | Snake:3  | Gained mutation: You are partially covered in rough black scales (AC +4, Dex -1). [evolution]
 25561 | Snake:3  | Noticed Kirke
 25569 | Snake:3  | Killed Kirke
 25604 | Snake:3  | Reached XP level 16. HP: 128/145 MP: 15/15
 25606 | Snake:3  | Noticed Vashnia
 25973 | Snake:3  | Noticed Aizul
 25988 | Snake:3  | Killed Aizul
 26331 | Snake:3  | Killed Vashnia
 27315 | Snake:4  | Reached skill level 17 in Polearms
 28016 | Snake:5  | Entered Level 5 of the Snake Pit
 28222 | Snake:5  | Reached skill level 15 in Armour
 28294 | Snake:5  | Reached XP level 17. HP: 154/154 MP: 18/18
 28314 | Snake:5  | Reached skill level 18 in Polearms
 28330 | Snake:5  | Gained mutation: You are covered in fur (AC +1). [evolution]
 28373 | Snake:5  | Reached skill level 15 in Fighting
 29391 | Snake:5  | Noticed Asterion
 29417 | Snake:5  | Killed Asterion
 29646 | Snake:5  | Got a serpentine rune of Zot
 30043 | Snake:5  | Reached skill level 19 in Polearms
 30233 | Swamp:1  | Entered Level 1 of the Swamp
 30427 | Swamp:1  | Gained mutation: You have an increased reservoir of magic (+10% MP). [evolution]
 31314 | Swamp:2  | Got a polished ring mail
 31325 | Swamp:2  | Identified the cursed +0 ring mail of Fun and Games {Str-5 Dex+2} (You found it on level 2 of the Swamp)
 31514 | Swamp:2  | Reached XP level 18. HP: 162/166 MP: 20/20
 33093 | Swamp:4  | Gained mutation: You are surrounded by a mild repulsion field (EV +2). [potion of beneficial mutation]
 33256 | Swamp:5  | Entered Level 5 of the Swamp
 33369 | Swamp:5  | Noticed Louise
 33381 | Swamp:5  | Killed Louise
 33449 | Swamp:5  | Noticed the 27-headed Lernaean hydra
 33455 | Swamp:5  | Was placed under penance by Cheibriados
 33530 | Swamp:5  | Was forgiven by Cheibriados
 33746 | Swamp:5  | Killed the 27-headed Lernaean hydra
 34096 | Swamp:5  | Got a decaying rune of Zot
 34566 | Swamp:5  | Reached skill level 20 in Polearms
 35048 | Orc:1    | Entered Level 1 of the Orcish Mines
 35681 | Orc:3    | Found a roughly hewn altar of Beogh.
 35966 | Orc:4    | Entered Level 4 of the Orcish Mines
 36034 | Orc:4    | Found a staircase to the Elven Halls.
 36312 | Orc:4    | Found a roughly hewn altar of Beogh.
 36361 | Orc:4    | Found a roughly hewn altar of Beogh.
 36361 | Orc:4    | Found Bludwe Vuwe's Jewellery Emporium.
 36392 | Orc:4    | Bought the amulet "Kuosylam" {Stasis rF+ rC+} for 539 gold pieces
 36403 | Orc:4    | Bought the ring of Shadows {Umbra +Inv rN+ SInv} for 635 gold pieces
 36458 | Orc:4    | Found a roughly hewn altar of Beogh.
 36458 | Orc:4    | Found Fabeenaipog's Jewellery Emporium.
 36784 | Orc:4    | Found a roughly hewn altar of Beogh.
 36797 | Orc:4    | Found Thramuck's Antique Armour Shoppe.
 36799 | Orc:4    | Found Heegh's Antique Weapon Emporium.
 36806 | Orc:4    | Bought a polished hand axe for 264 gold pieces
 36807 | Orc:4    | Identified the +4 hand axe "Beetle's Undoing" {chop, Str-2} (You bought it in a shop on level 4 of the Orcish Mines)
 36816 | Orc:4    | Bought a shiny chain mail for 126 gold pieces
 36816 | Orc:4    | Bought a pair of glowing gloves for 126 gold pieces
 36816 | Orc:4    | Bought a crude leather armour for 196 gold pieces
 36861 | Orc:4    | Identified the -6 leather armour of Sin {+Blink} (You bought it in a shop on level 4 of the Orcish Mines)
 37059 | Orc:4    | Gained mutation: You are partially covered in iridescent scales (AC +4). [evolution]
 37139 | Orc:4    | Found a roughly hewn altar of Beogh.
 37183 | Elf:1    | Entered Level 1 of the Elven Halls
 37398 | Elf:1    | Found Ociad's Food Emporium.
 37564 | Elf:1    | Gained mutation: You are agile. (Dex +2) [potion of beneficial mutation]
 38057 | Elf:2    | Got a pitted spear {drain}
 38058 | Elf:2    | Identified the +5 spear of Balance {drain, Int+1} (You took it off a deep elf summoner on level 2 of the Elven Halls)
 38085 | Elf:2    | Reached XP level 19. HP: 170/177 MP: 22/22
 38205 | Elf:2    | Noticed Agnes
 38213 | Elf:2    | Killed Agnes
 38365 | Elf:2    | Noticed Nikola
 38374 | Elf:2    | Killed Nikola
 38438 | Elf:2    | Noticed Saint Roka
 38461 | Elf:2    | Killed Saint Roka
 38864 | Elf:3    | Entered Level 3 of the Elven Halls
 38937 | Elf:3    | Got an ancient trident
 38938 | Elf:3    | Identified the cursed +1 trident of Yredelemnul's Delight {freeze, rC+} (You found it on level 3 of the Elven Halls)
 39008 | Elf:3    | Found Tiudgh's Weapon Shoppe.
 39384 | Elf:3    | Noticed Alarkh's ghost (mighty CeTm)
 39400 | Elf:3    | Reached skill level 21 in Polearms
 39850 | Elf:3    | Killed Alarkh's ghost
 39994 | Elf:3    | Noticed Azrael
 40005 | Elf:3    | Killed Azrael
 40104 | Elf:2    | Gained mutation: You passively map a small area around you. [evolution]
 40307 | Elf:3    | Reached skill level 5 in Invocations
 40678 | Elf:3    | Got a glittering zirconium amulet
 40679 | Elf:3    | Got a crude plate armour
 40690 | Elf:3    | Identified the +12 plate armour of the Maze {rN+} (You took it off a deep elf high priest on level 3 of the Elven Halls)
 40779 | Elf:3    | Gained mutation: Your vision is a little blurry. [a cacodemon]
 40780 | Elf:3    | Gained mutation: Armour fits poorly on your strangely shaped body. [a cacodemon]
 40782 | Elf:3    | Gained mutation: You are dopey. (Int -2) [a cacodemon]
 41143 | Elf:3    | Got a scintillating copper ring
 41165 | Elf:3    | Identified the amulet of Roxuofuikk {Faith Str+1 Slay+5} (You took it off a deep elf high priest on level 3 of the Elven Halls)
 41170 | Elf:3    | Identified the ring of Groask {Ice rN+ Int+4} (You found it on level 3 of the Elven Halls)
 41201 | Elf:3    | Got a heavily runed cloak
 41212 | Elf:3    | Identified the +0 cloak of Oneigy {rC+} (You found it on level 3 of the Elven Halls)
 41247 | Elf:3    | Got a faintly glowing cloak
 41258 | Elf:3    | Identified the cursed -5 cloak of the Lizard {Stlth++} (You found it on level 3 of the Elven Halls)
 41854 | D:15     | Entered Level 15 of the Dungeon
 41956 | D:15     | Lost mutation: You are agile. (Dex +2) [evolution]
 41966 | D:15     | Lost mutation: Your natural rate of healing is unusually fast. [potion of cure mutation]
 41966 | D:15     | Lost mutation: You are weak. (Str -2) [potion of cure mutation]
 41966 | D:15     | Lost mutation: Armour fits poorly on your strangely shaped body. [potion of cure mutation]
 41966 | D:15     | Lost mutation: You are surrounded by a mild repulsion field (EV +2). [potion of cure mutation]
 41966 | D:15     | Lost mutation: You are dopey. (Int -2) [potion of cure mutation]
 41966 | D:15     | Lost mutation: Your vision is a little blurry. [potion of cure mutation]
 42245 | D:15     | Reached XP level 20. HP: 184/184 MP: 25/25
 42366 | D:15     | Found a staircase to the Depths.
 43050 | Vaults:1 | Entered Level 1 of the Vaults
 44360 | Vaults:2 | Found Twudghacs' Food Emporium.
 44391 | Vaults:2 | Reached skill level 22 in Polearms
 45440 | Vaults:2 | Found a staircase to the Crypt.
 46111 | Vaults:3 | Found Crorooc's Assorted Antiques.
 46153 | Vaults:3 | Found a flickering gateway to a bazaar.
 46280 | Vaults:3 | Found Shiare Selu's Armour Shop.
 46420 | Vaults:3 | Found an iron altar of Okawaru.
 46494 | Vaults:3 | Reached XP level 21. HP: 176/195 MP: 27/27
 46815 | Vaults:4 | Reached skill level 23 in Polearms
 47416 | Vaults:4 | Gained mutation: You have sharp fingernails. [evolution]
 47948 | Vaults:5 | Entered Level 5 of the Vaults
 48671 | Vaults:5 | Got a silver rune of Zot
 48720 | Vaults:5 | Reached XP level 22. HP: 201/206 MP: 27/27
 48809 | Vaults:5 | Noticed an ancient lich
 48948 | Vaults:5 | Killed an ancient lich
 49363 | Vaults:5 | Reached skill level 24 in Polearms
 50007 | Vaults:5 | Found Smaschesm's Magic Scroll Emporium.
 50013 | Vaults:5 | Bought a scroll of enchant weapon for 105 gold pieces
 50013 | Vaults:5 | Bought a scroll of holy word for 105 gold pieces
 50013 | Vaults:5 | Bought a scroll of holy word for 105 gold pieces
 50021 | Vaults:5 | Found Plasipp's Distillery.
 50025 | Vaults:5 | Bought a potion of curing for 34 gold pieces
 50025 | Vaults:5 | Bought a potion of curing for 34 gold pieces
 50025 | Vaults:5 | Bought a potion of might for 42 gold pieces
 50025 | Vaults:5 | Bought a potion of heal wounds for 51 gold pieces
 50703 | Vaults:5 | Identified the Grimoire of Earth and Transmigration
 50915 | Vaults:5 | Found Buypnung's Magic Scroll Boutique.
 50935 | Vaults:5 | Bought a scroll of enchant weapon for 90 gold pieces
 51170 | Crypt:1  | Entered Level 1 of the Crypt
 51363 | Crypt:1  | Gained mutation: You are partially covered in molten scales (AC +1). [evolution]
 51902 | Crypt:1  | Learned a level 2 spell: Blink
 51909 | Crypt:1  | Learned a level 2 spell: Shroud of Golubria
 52241 | Crypt:2  | Reached XP level 23. HP: 215/215 MP: 26/28
 52280 | Crypt:2  | Noticed Mara
 52285 | Crypt:2  | Noticed Kex's illusion
 52341 | Crypt:2  | Noticed Kex's illusion
 52356 | Crypt:2  | Killed Mara
 52361 | Crypt:2  | Noticed Kex's illusion
 52362 | Crypt:2  | Noticed Frederick
 52362 | Crypt:2  | Killed Mara
 52364 | Crypt:2  | Noticed Kex's illusion
 53402 | Slime:1  | Entered Level 1 of the Pits of Slime
 53586 | Slime:2  | Gained mutation: Your mind is acute. (Int +2) [a shining eye]
 53587 | Slime:2  | Gained mutation: You rapidly evolve. [a shining eye]
 54443 | Slime:3  | Reached skill level 25 in Polearms
 55332 | Slime:5  | Gained mutation: You heal slowly when monsters are visible. [a shining eye]
 55333 | Slime:5  | Gained mutation: You occasionally shout uncontrollably at your foes. [a shining eye]
 55334 | Slime:5  | Gained mutation: Your body is slowly deteriorating. [a shining eye]
 55898 | Slime:6  | Entered Level 6 of the Pits of Slime
 55964 | Slime:6  | Noticed the royal jelly
 56458 | Slime:5  | Upgraded the game from 0.15.1-3-g1b33baa to 0.15.1-4-gac8487e
 57269 | Depths:1 | Entered Level 1 of the Depths
 57276 | Depths:1 | Found a gateway to Hell.
 58234 | Depths:1 | Found Hotet's Book Emporium.
 58383 | Depths:1 | Found Ungieffo's Gadget Boutique.
 58627 | Depths:1 | Found a one-way gate leading to the halls of Pandemonium.
 58759 | Depths:2 | Reached XP level 24. HP: 226/226 MP: 29/29
 59372 | Depths:2 | Lost mutation: Your body is slowly deteriorating. [potion of cure mutation]
 59372 | Depths:2 | Lost mutation: You are highly resistant to hostile enchantments. [potion of cure mutation]
 59372 | Depths:2 | Lost mutation: You rapidly evolve. [potion of cure mutation]
 59372 | Depths:2 | Lost mutation: You occasionally shout uncontrollably at your foes. [potion of cure mutation]
 59372 | Depths:2 | Lost mutation: You evolve. [potion of cure mutation]
 59372 | Depths:2 | Lost mutation: Your mind is acute. (Int +2) [potion of cure mutation]
 59400 | Depths:2 | Lost mutation: You are resistant to hostile enchantments. [potion of cure mutation]
 59400 | Depths:2 | Lost mutation: You are partially covered in rough black scales (AC +4, Dex -1). [potion of cure mutation]
 59400 | Depths:2 | Lost mutation: You heal slowly when monsters are visible. [potion of cure mutation]
 59462 | Depths:3 | Found a one-way gate to the infinite horrors of the Abyss.
 59463 | Depths:3 | the one-way gate to the infinite horrors of the Abyss was a mimic.
 59514 | Depths:3 | Found a gateway to a ziggurat.
 59669 | Depths:3 | Reached skill level 26 in Polearms
 59864 | Depths:3 | Noticed CrazyArbalest's ghost (mighty HaFi)
 59892 | Depths:3 | Killed CrazyArbalest's ghost
 60286 | Depths:3 | Got a twisted scale mail
 60287 | Depths:3 | Identified the +0 scale mail of the Quahog {rF+ Dex+1 Int-1} (You found it on level 3 of the Depths)
 60312 | Depths:3 | Noticed Boris
 60322 | Depths:3 | Killed Boris
 60710 | Hell     | Entered the Vestibule of Hell
 60710 | Hell     | Noticed Geryon
 60737 | Hell     | Gained mutation: You are partially covered in large bone plates (AC +2, SH +2). [a cacodemon]
 61110 | Hell     | Killed Geryon
 61239 | Hell     | Found a gateway to the freezing wastes of Cocytus.
 61284 | Coc:1    | Entered Level 1 of Cocytus
 61703 | Hell     | Found a gateway to the Iron City of Dis.
 61714 | Hell     | Noticed Murray
 61732 | Hell     | Killed Murray
 61784 | Hell     | Found a gateway to the ashen valley of Gehenna.
 61876 | Hell     | Found a gateway to the decaying netherworld of Tartarus.
 62183 | Depths:4 | Found a corrupted altar of Lugonu.
 62185 | Depths:4 | Found a one-way gate to the infinite horrors of the Abyss.
 62705 | Depths:4 | Reached XP level 25. HP: 229/236 MP: 30/30
 63007 | Depths:4 | Reached skill level 27 in Polearms
 63221 | Depths:5 | Entered Level 5 of the Depths
 63545 | Depths:5 | Reached skill level 27 in Shields
 63580 | Depths:5 | Found a gate to the Realm of Zot.
 63783 | Depths:5 | Found Twafoh's Antique Weapon Boutique.
 63797 | Depths:5 | Bought the +13 sword of the Doom Knight {pain, -Cast MR+} for 3558 gold pieces
 63917 | Depths:5 | Found a gateway to a ziggurat.
 64070 | Depths:5 | Noticed the Enchantress
 64072 | Depths:5 | Reached skill level 1 in Long Blades
 64080 | Depths:5 | Killed the Enchantress
 64113 | Depths:5 | Got a faerie dragon armour
 64114 | Depths:5 | Identified the +4 faerie dragon armour {Str-3 Int+3} (You took it off the Enchantress on level 5 of the Depths)
 64188 | Depths:5 | Noticed Margery
 64209 | Depths:5 | Killed Margery
 64220 | Depths:5 | Reached skill level 15 in Dodging
 64694 | Zot:1    | Entered Level 1 of the Realm of Zot
 66240 | Zot:2    | Noticed an orb of fire
 66243 | Zot:2    | Gained mutation: You are clumsy. (Dex -2) [an orb of fire]
 66252 | Zot:2    | Killed an orb of fire
 66266 | Zot:2    | Reached XP level 26. HP: 111/249 MP: 30/30
 68375 | Zot:3    | Got a pair of polished gloves
 68376 | Zot:3    | Identified the +0 pair of gloves "Jilil" {Dex+1 Int+2} (You acquired it on level 3 of the Realm of Zot)
 68835 | Zot:3    | Noticed an orb of fire
 68879 | Zot:3    | Gained mutation: You tend to lose your temper in combat. [an orb of fire]
 68881 | Zot:3    | Killed an orb of fire
 70161 | Zot:5    | Entered Level 5 of the Realm of Zot
 70209 | Zot:5    | Reached XP level 27. HP: 254/262 MP: 33/33
 70494 | Zot:5    | Noticed an orb of fire
 70504 | Zot:5    | Gained mutation: You heal slowly when monsters are visible. [an orb of fire]
 70516 | Zot:5    | Killed an orb of fire
 70707 | Zot:5    | Noticed an ancient lich
 70716 | Zot:5    | Killed an ancient lich
 70727 | Zot:5    | Noticed an ancient lich
 70733 | Zot:5    | Noticed an orb of fire
 70745 | Zot:5    | Killed an orb of fire
 70758 | Zot:5    | Killed an ancient lich
 71157 | Zot:5    | Noticed an ancient lich
 71170 | Zot:5    | Killed an ancient lich
 71447 | Zot:5    | Noticed an ancient lich
 71448 | Zot:5    | Noticed an ancient lich
 71464 | Zot:5    | Killed an ancient lich
 71515 | Zot:5    | Reached skill level 27 in Fighting
 71519 | Zot:5    | Killed an ancient lich
 71626 | Zot:5    | Noticed an ancient lich
 71639 | Zot:5    | Killed an ancient lich
 71786 | Zot:5    | Noticed an orb of fire
 71788 | Zot:5    | Gained mutation: You are very clumsy. (Dex -4) [an orb of fire]
 71806 | Zot:5    | Killed an orb of fire
 71810 | Zot:5    | Got the Orb of Zot
 72250 | Zot:4    | Noticed Omi Cifaqae the pandemonium lord
 72260 | Zot:4    | Killed Omi Cifaqae the pandemonium lord
 72262 | Zot:4    | Lost mutation: You tend to lose your temper in combat. [potion of cure mutation]
 72262 | Zot:4    | Lost mutation: You are very clumsy. (Dex -4) [potion of cure mutation]
 72262 | Zot:4    | Lost mutation: You have sharp fingernails. [potion of cure mutation]
 72262 | Zot:4    | Lost mutation: You are partially covered in large bone plates (AC +2, SH +2). [potion of cure mutation]
 72434 | Zot:1    | Noticed Piugacoc the pandemonium lord
 72450 | Zot:1    | Killed Piugacoc the pandemonium lord
 72540 | Depths:5 | Noticed Toubet the pandemonium lord
 72554 | Depths:5 | Killed Toubet the pandemonium lord
 72708 | Depths:3 | Reached skill level 10 in Invocations
 73075 | D:13     | Noticed an ancient lich
 73089 | D:13     | Killed from afar by an ancient lich

Action                   |  1- 3 |  4- 6 |  7- 9 | 10-12 | 13-15 | 16-18 | 19-21 | 22-24 | 25-27 || total
-------------------------+-------+-------+-------+-------+-------+-------+-------+-------+-------++-------
Melee: Trident           |   119 |   156 |   347 |   776 |   980 |  2126 |  2137 |  2509 |       ||  9150
       Demon trident     |       |       |       |       |       |       |       |   384 |  1943 ||  2327
       Great sword       |       |       |       |       |       |       |       |       |    18 ||    18
Invok: Bend Time         |       |       |     1 |     1 |       |     3 |     2 |     1 |     5 ||    13
       Temporal Distorti |       |       |       |       |       |     2 |    14 |     3 |     3 ||    22
       Step From Time    |       |       |       |       |       |       |     2 |     6 |       ||     8
 Abil: Evoke Flight      |       |       |       |       |       |       |       |       |     1 ||     1
Evoke: Wand              |       |       |     4 |    16 |     1 |     3 |       |       |       ||    24
       Horn of Geryon    |       |       |       |       |       |       |       |     1 |       ||     1
  Use: Scroll            |       |     3 |    13 |    14 |    12 |    17 |    11 |    17 |    21 ||   108
       Potion            |       |     1 |    15 |       |     4 |     7 |    18 |    10 |     4 ||    59
 Stab: Fleeing           |       |       |       |       |       |     2 |       |       |       ||     2
       Distracted        |       |       |       |       |       |       |       |     2 |     2 ||     4
       Confused          |       |       |       |       |       |       |       |       |     2 ||     2
  Eat: Chunk             |     3 |     6 |    14 |    12 |    17 |    30 |    21 |    19 |    11 ||   133
       Bread ration      |       |       |       |     2 |       |       |       |       |       ||     2
       Beef jerky        |       |       |       |       |     2 |       |     2 |     6 |     2 ||    12
       Pizza             |       |       |       |       |       |       |     1 |     6 |     1 ||     8
       Fruit             |       |       |       |       |       |       |     1 |       |    21 ||    22
       Meat ration       |       |       |       |       |       |       |     1 |       |     2 ||     3
